 Dungeon Crawl Stone Soup version 0.29.1-2-gbd0b4ee654 (webtiles) character file.

Game seed: 13022577726497681719

49 Ackmard the Magician (level 4, -5/31 HPs)
             Began as a Djinni Fire Elementalist on Nov 11, 2022.
             Slain by Sigmund
             ... wielding a +0 scythe
              (10 damage)
             ... on level 2 of the Dungeon.
             The game lasted 00:05:50 (2173 turns).

Ackmard the Magician (Djinni Fire Elementalist)     Turns: 2173, Time: 00:05:50

Health: -5/31      AC:  2    Str:  9    XL:     4   Next: 2%
Gold:   30         EV: 12    Int: 17    God:
                   SH:  0    Dex: 13

rFire   + + .      SeeInvis .   (no weapon)
rCold   x . .      Faith    .   (no shield)
rNeg    . . .      Spirit   .   a - +0 robe
rPois   ∞          Reflect  .   (no helmet)
rElec   .          Harm     .   (no cloak)
rCorr   .          Rampage  .   (no gloves)
Will    .....                   (boots unavailable)
Stlth   ++........              h - amulet of the acrobat
HPRegen 0.10/turn               l - +4 ring of slaying
MPRegen 0.00/turn               (no ring)

@: flying
A: sickness immunity, fire resistance 2, cold vulnerability 1, float, innate
caster, HP casting, extra vitality 1
a: no special abilities


You were on level 2 of the Dungeon.
You visited 1 branch of the dungeon, and saw 2 of its levels.

You collected 30 gold pieces.

Inventory:

Armour
 a - a +0 robe (worn)
Jewellery
 h - an amulet of the acrobat (around neck)
 l - a +4 ring of slaying (left hand)
Scrolls
 b - 2 scrolls of fog {unknown}
 c - a scroll of torment {unknown}
 f - a scroll of enchant weapon {unknown}
 g - a scroll of fear {unknown}
 i - a scroll of acquirement {unknown}
 j - a scroll of enchant armour {unknown}
 k - 2 scrolls of teleportation {unknown}
Potions
 e - a potion of mutation {unknown}
 m - a potion of might {unknown}


   Skills:
 + Level 2.3 Dodging
 + Level 1.8 Stealth
 * Level 3.4 Spellcasting


You couldn't memorise any spells.
You knew the following spells:

 Your Spells              Type           Power      Damage    Failure   Level
a - Foxfire               Conj/Fire      56%        2x1d6     4%          1
b - Scorch                Fire           28%        2d6       6%          2
c - Conjure Flame         Conj/Fire      14%        6-21      12%         3
d - Inner Flame           Hex/Fire       14%        N/A       12%         3
e - Flame Wave            Conj/Fire      14%        2d6       36%         4
f - Shock                 Conj/Air       56%        1d6       4%          1
Your spell library was empty.

Dungeon Overview and Level Annotations

Branches:
Dungeon (2/15)

Altars:

Annotations:
D:2 Sigmund


Innate Abilities, Weirdness & Mutations

You are immune to sickness and miasma.
You are immune to poison.
Your flesh is very heat resistant. (rF++)
You are vulnerable to cold. (rC-)
You float through the air rather than walking.
You learn spells naturally, not from books.
Your magical power is your life essence.
You have superior vitality. (+4 MHP)


Message History

Sigmund is heavily wounded.
Casting: Foxfire (safe; 4% risk of failure)
Confirm with . or Enter, or press ? or * to list all spells.
You conjure some foxfire!
Your foxfire dissipates!
The foxfire hits Sigmund.
Sigmund is severely wounded.
Sigmund mumbles some strange words.
Sigmund flickers and vanishes!
Deactivating autopickup; reactivate with Ctrl-A.
Casting: Foxfire (safe; 4% risk of failure)
Confirm with . or Enter, or press ? or * to list all spells.
You conjure some foxfire!
Your foxfire dissipates!
The foxfire hits something but does no damage.
Casting: Foxfire (safe; 4% risk of failure)
Confirm with . or Enter, or press ? or * to list all spells.
You conjure some foxfire!
Something barely misses you.
The foxfire hits something. x2
A magic dart appears from out of thin air!
The magic dart hits you.
Casting: Foxfire (safe; 4% risk of failure)
Confirm with . or Enter, or press ? or * to list all spells.
You conjure some foxfire!
Your foxfire dissipates!
The foxfire hits something but does no damage.
A magic dart appears from out of thin air!
The magic dart hits you!
* * * LOW HITPOINT WARNING * * *
You hear some strange, mumbled words.
You are confused.
Something misses you.
You are too confused!
It was a potion of curing.
You feel better. Something hits you. Something hits you!
* * * LOW HITPOINT WARNING * * *
There is a stone staircase leading up here.
Something hits you!
You die...

... ##.#.###. #..#.#.. #
#.##... # #.#...# ##
#.#.#.######. .
#.#...#......
....########.........###
.......@........###### #
......##......### #
..... #......# # ....
#......# ### #......#
########


There were no monsters in sight!

Vanquished Creatures
  3 adders (D:2)
  A giant cockroach (D:2)
  A goblin (D:1)
  3 hobgoblins (D:1)
  3 kobolds (D:1)
  4 quokkas
  4 ball pythons
  2 bats (D:1)
  A frilled lizard (D:1)
  A rat (D:1)
23 creatures vanquished.

Vanquished Creatures (collateral kills)
  2 foxfires (D:1)
2 creatures vanquished.

Vanquished Creatures (others)
  46 foxfires
46 creatures vanquished.

Grand Total: 71 creatures vanquished

Notes
Turn   | Place    | Note
-------+----------+-------------------------------------------
     0 | D:1      | Ackmard the Djinni Fire Elementalist began the quest for
                  | the Orb.
     0 | D:1      | Ackmard set off with the following spells memorised:
                  | Foxfire, Scorch, Conjure Flame, Inner Flame, Flame Wave.
     0 | D:1      | Reached XP level 1. HP: 15/15 MP: 0/0
   640 | D:1      | Found a faded altar of an unknown god.
   663 | D:1      | Reached XP level 2. HP: 19/21 MP: 0/0
  1773 | D:2      | Reached skill level 3 in Spellcasting
  1808 | D:2      | Reached XP level 3. HP: 21/25 MP: 0/0
  1808 | D:2      | Learned a level 1 spell: Shock
  2054 | D:2      | Reached XP level 4. HP: 22/31 MP: 0/0
  2146 | D:2      | Noticed Sigmund
  2173 | D:2      | Slain by Sigmund

Illustrated notes

Levels and vault maps discovered:
D:1:      dpeg_arrival_rhombi, layout_basic, serial_co_window_serial,
          co_window_of_opportunity_a, co_window_corner_a,
          co_window_of_opportunity_a, co_window_paths_a, co_window_corner_a,
          co_window_cross_3, co_window_broadway_a, co_window_of_opportunity_b,
          co_window_unsneaky_path_d, co_window_corner_cb, co_window_broadway_a,
          co_window_paths_e, glass_columns_c, glass_columns_b, glass_columns_b,
          glass_columns_a, dreamdust_ecumenical_altar_grove
D:2:      layout_rooms, basic_altar, uniq_sigmund, uniq_terence

Skill      XL: |  1  2 |
---------------+-------+-----
Spellcasting   | 3 |  3.4
Dodging        | |  2.3
Stealth        | |  1.8

Action                   |  1- 3 |  4- 6 || total
-------------------------+-------+-------++-------
 Cast: Foxfire           |    26 |     7 ||    33
       Scorch            |    15 |       ||    15
       Shock             |     6 |     2 ||     8
  Use: Potion            |       |     1 ||     1
Dodge: Dodged            |     3 |     4 ||     7
